 Dungeon Crawl Stone Soup version 0.29.1-2-gbd0b4ee654 (webtiles) character file.

Game seed: 11266955317164843092

14 GorkyZ the Caller (level 2, -2/16 HPs)
             Began as a Deep Elf Summoner on Nov 24, 2022.
             Slain by a goblin
             ... wielding a +0 dagger
              (3 damage)
             ... on level 1 of the Dungeon.
             The game lasted 00:02:44 (385 turns).

GorkyZ the Caller (Deep Elf Summoner)                Turns: 385, Time: 00:02:45

Health: -2/16      AC:  2    Str:  5    XL:     2   Next: 31%
Magic:  8/8        EV: 13    Int: 19    God:
Gold:   0          SH:  0    Dex: 15    Spells: 6/7 levels left

rFire   . . .      SeeInvis +   d - +1 hand axe (flame)
rCold   . . .      Faith    .   (no shield)
rNeg    . . .      Spirit   .   a - +0 robe
rPois   .          Reflect  .   (no helmet)
rElec   .          Harm     .   (no cloak)
rCorr   .          Rampage  .   (no gloves)
Will    .....                   (no boots)
Stlth   ++........              (no amulet)
HPRegen 0.05/turn               c - ring of see invisible
MPRegen 0.11/turn               (no ring)

@: no status effects
A: no striking features
a: no special abilities


You were on level 1 of the Dungeon.
You visited 1 branch of the dungeon, and saw 1 of its levels.

Inventory:

Hand Weapons
 d - a +1 hand axe of flaming (weapon)
Armour
 a - a +0 robe (worn)
Jewellery
 c - a ring of see invisible (left hand)
Scrolls
 f - a scroll of fear {unknown}
 h - a scroll of summoning {unknown}
 i - a scroll of butterflies {unknown}
Potions
 b - a potion of magic
 e - a potion of resistance {unknown}
 g - a potion of haste {unknown}


   Skills:
 + Level 0.6 Fighting
 + Level 2.8 Dodging
 - Level 2.4 Stealth
 + Level 3.3 Spellcasting
 + Level 4.5 Summonings


You had 6 spell levels left.
You knew the following spells:

 Your Spells              Type           Power      Damage    Failure   Level
a - Summon Small Mammal   Summ           80%        N/A       2%          1

Your spell library contained the following spells:

 Spells                   Type           Power      Damage    Failure   Level
 Call Imp                 Summ           20%        N/A       3%          2
 Call Canine Familiar     Summ           20%        N/A       7%          3
 Apportation              Tloc           6%         N/A       14%         1
 Necrotise                Necr           12%        1d4       14%         1
 Summon Guardian Golem    Hex/Summ       11%        N/A       17%         3
 Blink                    Tloc           6%         N/A       22%         2
 Lesser Beckoning         Tloc           3%         N/A       41%         3
 Vampiric Draining        Necr           3%         2d6       41%         3
 Summon Lightning Spire   Summ/Air       11%        N/A       50%         4
 Agony                    Necr           3%         N/A       99%         5
 Alistair's Intoxication  Tmut/Pois      2%         N/A       99%         5
 Manifold Assault         Tloc           3%         N/A       99%         5


Dungeon Overview and Level Annotations

Branches:
Dungeon (1/15)

Altars:

Annotations:
D:1 2 transporters


Message History

You closely miss the kobold. The kobold closely misses you.
You closely miss the kobold. The kobold closely misses you.
You hit the kobold. You burn the kobold.
You kill the kobold!
No target in view!
No target in view!
No target in view!
No target in view!
No target in view!
No target in view!
No target in view!
No target in view!
A goblin comes into view. It is wielding a +0 dagger.
You see here 14 gold pieces.
A goblin is nearby!
A frilled lizard comes into view.
The goblin shouts!
A hobgoblin comes into view.
The frilled lizard hisses angrily.
The goblin hits you with a +0 dagger.
You barely miss the goblin. You miss the frilled lizard. The goblin misses you.
The frilled lizard bites you.
You hit the goblin but do no damage. You barely miss the frilled lizard.
A bat comes into view.
The goblin barely misses you. The frilled lizard barely misses you.
You closely miss the goblin. You completely miss the frilled lizard.
The frilled lizard bites you.
You barely miss the hobgoblin. You hit the goblin. You burn the goblin.
You closely miss the frilled lizard. The frilled lizard barely misses you.
The hobgoblin misses you. The goblin hits you with a +0 dagger.
The frilled lizard bites you. The goblin hits you with a +0 dagger.
* * * LOW HITPOINT WARNING * * *
The hobgoblin hits you.
* * * LOW HITPOINT WARNING * * *
The frilled lizard attacks as you move away!
The frilled lizard bites you but does no damage.
The bat attacks as you move away! The bat hits you.
* * * LOW HITPOINT WARNING * * *
The goblin attacks as you move away! The goblin hits you with a +0 dagger.
You die...

#######.......+.......
......#.......#....#...
......'........).......
......#.#####.#.##.#.#
......#+## #$#......
.........# #.####.#####
.........####...........
.............##........#
..#####......##.@g.....#
.. ###......##glb.....#
#####....######........#
....#)...# .........#
....'....# ..........#
....#....# ...........#
#.###....# ............#
#.# #.)..#.............#
#.# #....#


You could see a hobgoblin, a goblin, a bat and a frilled lizard.

Vanquished Creatures
  2 hobgoblins (D:1)
  2 ball pythons (D:1)
  A bat (D:1)
  2 kobolds (D:1)
7 creatures vanquished.

Vanquished Creatures (collateral kills)
  A bat (D:1)
  An endoplasm (D:1)
  A giant cockroach (D:1)
  2 kobolds (D:1)
5 creatures vanquished.

Grand Total: 12 creatures vanquished

Notes
Turn   | Place    | Note
-------+----------+-------------------------------------------
     0 | D:1      | GorkyZ the Deep Elf Summoner began the quest for the Orb.
     0 | D:1      | Reached XP level 1. HP: 10/10 MP: 6/6
   203 | D:1      | Reached XP level 2. HP: 16/16 MP: 5/8
   385 | D:1      | Slain by a goblin

Illustrated notes

Levels and vault maps discovered:
D:1:      spicycebolla_arrival_transporter_tutorial, layout_basic,
          minmay_misc_feat_plants

Action                   || total
-------------------------++-------
Melee: Hand axe          ||    24
       Unarmed           ||     2
       Punch             ||     1
 Cast: Summon Small Mamm ||    12
 Stab: Sleeping          ||     1
Armor: Robe              ||     6
Dodge: Dodged            ||    24
